 Dungeon Crawl Stone Soup version 0.26.1-11-gd32895ea62 (webtiles) character file.

Game seed: 9567935617400497874

393 hawla the Conjurer (level 6, -2/34 HPs)
             Began as a Deep Elf Conjurer on July 22, 2021.
             Slain by an orc
             ... wielding a +0 whip
              (5 damage)
             ... on level 6 of the Dungeon on July 23, 2021.
             The game lasted 00:14:26 (4215 turns).

hawla the Conjurer (Deep Elf Conjurer)              Turns: 4215, Time: 00:14:27

Health: -2/34      AC:  3    Str:  4      XL:     6   Next: 51%
Magic:  1/13       EV: 13    Int: 23 (25) God:
Gold:   212        SH:  0    Dex: 13      Spells: 2/11 levels left

rFire    . . .     SeeInvis .   g - +0 dagger (venom)
rCold    . . .     Faith    .   (no shield)
rNeg     . . .     Spirit   .   a - +0 robe
rPois    .         Reflect  .   (no helmet)
rElec    .         Harm     .   (no cloak)
rCorr    .         Rampage  .   j - +0 pair of gloves
Will     .....                  (no boots)
Stlth    ++........             (no amulet)
HPRegen  0.11/turn              f - ring of wizardry
MPRegen  0.13/turn              (no ring)

@: no status effects
A: no striking features
a: no special abilities


You were on level 6 of the Dungeon.
You visited 1 branch of the dungeon, and saw 6 of its levels.

You collected 212 gold pieces.

Inventory:

Hand Weapons
 g - a +0 dagger of venom (weapon)
 h - a +2 dagger of speed
Missiles
 i - 11 boomerangs
Armour
 a - a +0 robe (worn)
 j - a +0 pair of gloves (worn)
Jewellery
 f - a ring of wizardry (left hand)
 k - an uncursed ring of fire
Wands
 o - a wand of enslavement (5)
 r - a wand of polymorph (8)
Scrolls
 d - 2 scrolls of identify
Potions
 c - a potion of flight
 l - 2 potions of degeneration


   Skills:
 + Level 1.1 Fighting
 + Level 0.2 Short Blades
 + Level 2.5 Dodging
 + Level 2.5 Stealth
 + Level 3.4 Spellcasting
 + Level 6.2 Conjurations
 + Level 3.4 Translocations
 + Level 3.3 Fire Magic


You had 2 spell levels left.
You knew the following spells:

 Your Spells              Type           Power        Failure   Level
a - Magic Dart            Conj           100%         1%          1
b - Searing Ray           Conj           64%          1%          2
c - Iskenderun's Mystic   Conj/Tloc      26%          6%          4
d - Blink                 Tloc           N/A          1%          2

Your spell library contained the following spells:

 Spells                   Type           Power        Failure   Level
 Call Imp                 Summ           3%           7%          2
 Slow                     Hex            3%           7%          2
 Conjure Flame            Conj/Fire      26%          1%          3
 Dazzling Flash           Conj/Hex       36%          4%          3
 Mephitic Cloud           Conj/Pois/Air  13%          6%          3
 Fulminant Prism          Conj/Hex       9%           12%         4


Dungeon Overview and Level Annotations

Branches:
Dungeon (6/15)
 Temple: D:4-7

Altars:
Elyvilon
Fedhas

Shops:
D:4 (

Annotations:
D:4 2 transporters


Message History

The orc throws a boomerang.
The boomerang barely misses you.
The weapon returns to the orc!
The orc hits you but does no damage.
You climb downwards.
A leopard gecko comes into view.
The leopard gecko hisses angrily.
Found a shiny sapphire ring.
Found a stone staircase leading down.
There is a stone staircase leading up here.
Casting: Blink (safe; 1% risk of failure)
Confirm with . or Enter, or press ? or * to list all spells.
Aiming: Searing Ray (safe; 1% risk of failure)
Press: ? - help, Shift-Dir - straight line, f - orc
Aim: an orc, wielding a +0 whip and wearing a +0 chain mail (14% to evade)
The searing ray misses the orc. (Press . to maintain the ray.)
The orc barely misses you.
The searing ray hits the orc but does no damage.
The orc barely misses you.
Without enough magic to sustain it, your searing ray dissipates.
The leopard gecko misses you. The orc hits you with a +0 whip.
You die...

. .. ... ....
....= ####
......#..#
......l@.#
........o.#
...####..>..#
# .....##
#....# ......
......#
.....##


You could see an orc and a leopard gecko.

Vanquished Creatures
  An ogre (D:4)
  An orc priest (D:4)
  A hound (D:4)
  2 worker ants (D:4)
  8 gnolls (D:4)
  4 adders
  A white imp (D:4)
  An adder skeleton (D:4)
  3 dart slugs (D:1)
  14 orcs
  3 bats
  5 giant cockroaches
  5 goblins
  3 hobgoblins
  7 kobolds
  A quokka (D:3)
  4 frilled lizards
  A leopard gecko skeleton (D:4)
  5 rats
70 creatures vanquished.

Notes
Turn   | Place    | Note
-------+----------+-------------------------------------------
     0 | D:1      | hawla the Deep Elf Conjurer began the quest for the Orb.
     0 | D:1      | Reached XP level 1. HP: 10/10 MP: 6/6
   175 | D:1      | Reached XP level 2. HP: 16/16 MP: 4/8
   400 | D:1      | Reached skill level 1 in Translocations
   417 | D:1      | Reached skill level 1 in Fire Magic
   558 | D:1      | Learned a level 2 spell: Searing Ray
   918 | D:2      | Reached XP level 3. HP: 20/20 MP: 6/9
  1171 | D:3      | Reached skill level 1 in Fighting
  1766 | D:3      | Found a blossoming altar of Fedhas.
  2021 | D:4      | Reached skill level 5 in Conjurations
  2021 | D:4      | Reached XP level 4. HP: 25/25 MP: 1/10
  2021 | D:4      | Noticed an ogre
  2031 | D:4      | Found a transporter.
  2327 | D:4      | Found a white marble altar of Elyvilon.
  2358 | D:4      | Learned a level 4 spell: Iskenderun's Mystic Blast
  2361 | D:4      | Learned a level 2 spell: Blink
  2489 | D:4      | Reached XP level 5. HP: 29/29 MP: 5/11
  2877 | D:4      | Found Rohiez's Weapon Shop.
  3607 | D:4      | Found a transporter.
  3660 | D:4      | Reached XP level 6. HP: 27/34 MP: 12/12
  4032 | D:4      | Reached skill level 6 in Conjurations
  4207 | D:5      | Entered Level 5 of the Dungeon
  4215 | D:6      | Slain by an orc

Illustrated notes

Levels and vault maps discovered:
D:1:      psy_arrival_statuary, layout_rooms, minmay_tetromino_t4
D:2:      layout_rooms, minmay_misc_feat_plants
D:3:      layout_loops_ring, fedhas_altar_3
D:4:      gammafunk_wand_slinger, layout_basic,
          grunt_temple_overflow_gold_and_silver, general_overflow_altar,
          serial_shops, nicolae_shop_stone
D:5:      layout_basic, nemelex_xobeh_ov_fountains_minmay, temple_doors_ab,
          serial_shops, kennysheep_mini_moat, trog_butcher_becter,
          uniq_eustachio
D:6:      kennysheep_kobold_camp, layout_cave_pools, nzn_wu_jian_contemplation,
          gammafunk_temple_overflow_elements, okawaru_ov_weapons_minmay,
          serial_shops, nicolae_shop_temple_entry_statues_fountains

Skill      XL: |  1  2  3  4  5  6 |
---------------+-------------------+-----
Translocations | 1 2 3 |  3.4
Fire Magic     | 1 2 3 |  3.3
Fighting       | 1 |  1.1
Conjurations   | 5 6 |  6.2
Short Blades   | |  0.2
Dodging        | |  2.5
Stealth        | |  2.5
Spellcasting   | |  3.4

Action                   |  1- 3 |  4- 6 || total
-------------------------+-------+-------++-------
Melee: Unarmed           |       |     3 ||     3
       Dagger            |       |    57 ||    57
 Cast: Magic Dart        |    49 |     8 ||    57
       Searing Ray       |     9 |    18 ||    27
       Iskenderun's Myst |       |    14 ||    14
       Blink             |       |     1 ||     1
  Use: Scroll            |     7 |     4 ||    11
       Potion            |       |    12 ||    12
Armor: Robe              |     3 |     6 ||     9
Dodge: Dodged            |     7 |    66 ||    73
